 Dungeon Crawl Stone Soup version 0.23.2 (webtiles) character file.

Game seed: 14670014148848989816

172 Kinoniko the Shooter (level 5, -7/41 HPs)
             Began as a Demonspawn Wanderer on Apr 3, 2019.
             Killed from afar by Natasha (8 damage)
             ... with a magic dart
             ... on level 2 of the Dungeon.
             The game lasted 00:04:57 (978 turns).

Kinoniko the Shooter (Demonspawn Wanderer)           Turns: 978, Time: 00:04:57

Health: -7/41      AC:  3    Str: 10    XL:     5   Next: 27%
Magic:  5/5        EV: 12    Int: 12    God:
Gold:   36         SH:  0    Dex: 17    Spells: 4/4 levels left

rFire    . . .     SeeInvis .   a - +0 shortbow
rCold    . . .     Gourm    .   (shield currently unavailable)
rNeg     . . .     Faith    .   e - +1 robe
rPois    .         Spirit   .   (helmet restricted)
rElec    .         Reflect  .   (no cloak)
rCorr    .         Harm     .   (no gloves)
MR       .....                  (no boots)
Stlth    ++........             (no amulet)
HPRegen  0.13/turn              (no ring)
MPRegen  0.09/turn              (no ring)

@: no status effects
A: horns 1, powered by pain 1
a: no special abilities


You were on level 2 of the Dungeon.
You were not hungry.

You visited 1 branch of the dungeon, and saw 2 of its levels.

You collected 36 gold pieces.

Inventory:

Hand Weapons
 a - a +0 shortbow (weapon)
 g - a +1 dagger of venom
Missiles
 c - 10 arrows (quivered)
Armour
 e - a +1 robe (worn)
Wands
 b - a wand of paralysis (15)
Scrolls
 i - a scroll of immolation {unknown}
Potions
 d - a potion of curing
Comestibles
 f - 6 rations


   Skills:
 + Level 3.1 Fighting
 + Level 4.8 Bows
 + Level 1.0 Throwing
 + Level 1.0 Armour
 + Level 0.9 Dodging
 + Level 1.0 Stealth
 + Level 1.0 Unarmed Combat
 + Level 1.0 Evocations


You had 4 spell levels left.
You didn't know any spells.
Your spell library was empty.

Dungeon Overview and Level Annotations

Branches:
Dungeon (2/15)

Altars:

Annotations:
D:2 Natasha


Innate Abilities, Weirdness & Mutations

You have a pair of small horns on your head.
You sometimes gain a little power by taking damage.


Message History

Firing (i - inventory)
c - 13 arrows (quivered)
Press: ? - help, Shift-Dir - straight line, f/p - Natasha
Aim: Natasha (heavily wounded)
You shoot an arrow. The arrow barely misses Natasha.
Natasha closely misses you. The iron imp hits you.
* * * LOW HITPOINT WARNING * * *
Firing (i - inventory)
c - 12 arrows (quivered)
Press: ? - help, Shift-Dir - straight line, f/p - Natasha
Aim: Natasha (heavily wounded)
You shoot an arrow. The arrow hits Natasha.
Natasha is almost dead.
Natasha misses you.
The iron imp hits you but does no damage.
Firing (i - inventory)
c - 11 arrows (quivered)
Press: ? - help, Shift-Dir - straight line, f/p - Natasha
Aim: Natasha (almost dead)
You shoot an arrow. The arrow barely misses Natasha.
Natasha casts a spell at you. The magic dart hits you!
You die...

## # .##.# ## .... #.#
#.. #.#.# ####@.#
#..5(h# #.##(##
#$##.#### #.##(#..
#.##5#.# .
############.##.#.###...
#.......†.....#.(.S.....
#.###.#######.†(†...(.(h


You could see an iron imp, Natasha and a crimson imp.

Vanquished Creatures
  An ogre (D:2)
  Natasha (D:2)
  3 adders (D:2)
  3 dart slugs (D:1)
  5 bats
  5 goblins
  6 hobgoblins (D:1)
  2 kobolds (D:1)
  A ball python (D:2)
  2 frilled lizards (D:1)
  7 rats
36 creatures vanquished.

Notes
Turn   | Place    | Note
-------+----------+-------------------------------------------
     0 | D:1      | Kinoniko the Demonspawn Wanderer began the quest for the
                  | Orb.
     0 | D:1      | Kinoniko set off with the following items: a +0 shortbow, a
                  | wand of paralysis (15), 22 arrows, a potion of curing, a +0
                  | robe, a ration
     0 | D:1      | Reached XP level 1. HP: 16/16 MP: 1/1
   127 | D:1      | Gained mutation: You have a pair of small horns on your
                  | head. [demonic ancestry]
   127 | D:1      | Reached XP level 2. HP: 22/23 MP: 2/2
   189 | D:1      | Reached skill level 3 in Bows
   403 | D:1      | Reached XP level 3. HP: 25/28 MP: 3/3
   605 | D:2      | Noticed an ogre
   669 | D:2      | Killed an ogre
   669 | D:2      | Reached skill level 4 in Bows
   669 | D:2      | Reached XP level 4. HP: 19/34 MP: 4/4
   859 | D:2      | Gained mutation: You sometimes gain a little power by
                  | taking damage. [demonic ancestry]
   859 | D:2      | Reached XP level 5. HP: 41/41 MP: 5/5
   863 | D:2      | Noticed Natasha
   886 | D:2      | Killed Natasha
   956 | D:2      | Noticed Natasha
   976 | D:2      | HP: 1/41 [iron imp[Natasha] (3)]
   978 | D:2      | Killed from afar by Natasha

Skill      XL: |  1  2  3  4 |
---------------+-------------+-----
Bows           | 3 4 |  4.8
Fighting       | 3 |  3.1
Throwing       | |  1.0
Armour         | |  1.0
Dodging        | |  0.9
Stealth        | |  1.0
Unarmed Combat | |  1.0
Evocations     | |  1.0

Action                   |  1- 3 |  4- 6 || total
-------------------------+-------+-------++-------
Melee: Shortbow          |       |     4 ||     4
       Headbutt          |       |     2 ||     2
 Fire: Shortbow          |    91 |    44 ||   135
  Use: Scroll            |     1 |       ||     1
       Potion            |     1 |       ||     1
Armor: Robe              |     1 |     6 ||     7
Dodge: Dodged            |    18 |    34 ||    52
